 Dungeon Crawl Stone Soup version 0.30-a0-738-g116ff8c4af (webtiles) character file.

Game seed: 15334629884774063890

111931 KennySheep the Bludgeoner (level 16, -15/176 HPs)
             Began as an Ogre Warper on Feb 2, 2023.
             Was the Champion of Jiyva.
             Killed by an exploding bloated husk (37 damage)
             ... on level 2 of the Swamp on Feb 3, 2023.
             The game lasted 01:11:18 (20485 turns).

KennySheep the Bludgeoner (Ogre Warper)            Turns: 20485, Time: 01:11:19

Health: -15/176    AC: 16    Str: 20    XL:     16   Next: 23%
Magic:  20/41      EV: 14    Int: 26    God:    Jiyva [******]
Gold:   166        SH:  4    Dex:  7    Spells: 28/39 levels left

rFire   + + +      SeeInvis +    a - +4 giant spiked club
rCold   + . .      Faith    .    (shield currently unavailable)
rNeg    . . .      Spirit   .    v - +3 robe "Usofouxtau" {rElec rF+}
rPois   .          Reflect  .    I - +2 hat
rElec   +          Harm     .    e - +2 cloak {Will+}
rCorr   +          Rampage  .    (gloves unavailable)
Will    ++++.      Clarity  +    (boots unavailable)
Stlth   +                        J - amulet "Ahuen" {rC+ Will+ Regen+ Int+4}
HPRegen 2.89/turn                c - ring of willpower
MPRegen 0.77/turn                n - ring of see invisible

@: studying Translocations, invisible
A: large, unfitting armour, tough skin 1, iridescent scales 1, large bone plates
1, clarity, clever 1, fire resistance 2, high MP 3, shaggy fur 1, acidic bite,
gelatinous body 3, pseudopods 1
}: 1/15 runes: slimy
a: Renounce Religion, Oozemancy, Slimify


You were on level 2 of the Swamp.
You worshipped Jiyva.
Jiyva was exalted by your worship.
You visited 6 branches of the dungeon, and saw 30 of its levels.
You also visited: Ice Cave.

You collected 1570 gold pieces.
You spent 1404 gold pieces at shops.

Inventory:

Hand Weapons
 a - a +4 giant spiked club (weapon)
 p - the +7 hammer "Kalu" {freeze, rN+ Will+}
   (You found it on level 2 of the Dungeon)

   rN:        It protects you from negative energy.
   Will:      It increases your willpower.
Missiles
 d - 9 boomerangs of dispersal
 k - 35 poisoned darts
 t - 6 curare-tipped darts
 w - 14 boomerangs
 P - 6 silver javelins
Armour
 e - a +2 cloak of willpower (worn)
 j - +0 steam dragon scales
 v - the +3 robe "Usofouxtau" (worn) {rElec rF+}
   (You acquired it on level 5 of the Dungeon)

   rF:        It protects you from fire.
   rElec:     It insulates you from electricity.
 I - a +2 hat (worn)
Jewellery
 c - a ring of willpower (left hand)
 n - a ring of see invisible (right hand)
 s - an amulet of magic regeneration
 y - a ring of protection from fire
 D - a ring of flight
 J - the amulet "Ahuen" (around neck) {rC+ Will+ Regen+ Int+4}
   (You found it on level 5 of the Pits of Slime)

   [amulet of regeneration]

   Int:       It affects your intelligence (+4).
   rC:        It protects you from cold.
   Regen:     It increases your rate of health regeneration.
   Will:      It increases your willpower.
 N - a ring of poison resistance
 R - a +5 ring of evasion
Wands
 r - a wand of charming (12)
 A - a wand of roots (6)
 G - a wand of flame (26)
 L - a wand of quicksilver (6)
 Q - a wand of polymorph (2)
Scrolls
 b - 2 scrolls of fog
 f - 5 scrolls of noise
 i - 18 scrolls of teleportation
 q - 6 scrolls of immolation
 z - a scroll of torment
 F - a scroll of magic mapping
 S - a scroll of amnesia
Potions
 g - 6 potions of curing
 l - 3 potions of flight
 m - a potion of attraction
 o - 2 potions of ambrosia
 u - a potion of mutation
 B - 4 potions of brilliance
 C - 2 potions of degeneration
 E - a potion of magic
Miscellaneous
 K - a condenser vane


   Skills:
 + Level 15.0 Fighting
 * Level 16.1 Maces & Flails
 - Level 1.0 Throwing
 - Level 9.5 Dodging
 - Level 12.0 Spellcasting
 - Level 13.5 Translocations


You had 28 spell levels left.
You knew the following spells:

 Your Spells              Type           Power      Damage    Failure   Level
a - Blink                 Tloc           100%       N/A       1%          2
b - Manifold Assault      Tloc           72%        N/A       1%          4
c - Vhi's Electric Charg  Tloc/Air       100%       N/A       1%          3
d - Lesser Beckoning      Tloc           100%       N/A       1%          2

Your spell library contained the following spells:

 Spells                   Type           Power      Damage    Failure   Level
 Teleport Other           Tloc           72%        N/A       1%          3
 Sting                    Tmut/Pois      60%        1d6       3%          1
 Ensorcelled Hibernation  Hex/Ice        30%        N/A       5%          2
 Passwall                 Tmut/Erth      12%        N/A       5%          2
 Poisonous Vapours        Pois/Air       30%        N/A       5%          2
 Ozocubu's Armour         Ice            15%        N/A       11%         3
 Swiftness                Air            15%        N/A       11%         3
 Olgreb's Toxic Radiance  Pois           15%        N/A       36%         4
 Arcjolt                  Conj/Air       7%         1d17      71%         5
 Metabolic Englaciation   Hex/Ice        7%         N/A       71%         5
 Simulacrum               Ice/Necr       7%         N/A       99%         6
 Maxwell's Capacitive Co  Air            7%         ∞         100%        8


Dungeon Overview and Level Annotations

Branches:
Dungeon (15/15)            Temple (0/1) D:7            Lair (5/5) D:10
  Swamp (2/4) Lair:3       Spider (1/4) Lair:3        Slime (5/5) Lair:4
    Orc (2/2) D:9             Elf (0/3) Orc:2        Vaults (0/5) D:14
 Depths (0/4) D:15          IceCv (visited)

Altars:
Zin
The Shining One
Jiyva
Lugonu

Shops:
D:6 (   D:14 :   D:15 **   Orc:2 (?[!

Portals:
Abyss: Lair:5

Annotations:
Slime:5 Royal Jelly


Innate Abilities, Weirdness & Mutations

You are too large for most types of armour.
You have tough skin. (AC +1)
You are partially covered in iridescent scales. (AC +2)
You are partially covered in large bone plates. (SH +4)
You possess an exceptional clarity of mind.
Your mind is acute. (Int +4, Str/Dex -1)
Your flesh is very heat resistant. (rF++)
You have a greatly increased reservoir of magic. (+30% MP)
You are covered in fur. (AC +1)
You have acidic saliva.
Your gelatinous body deflects attacks. (AC +3, EV +3)
Armour fits poorly on your pseudopods.


Message History

The eleionoma hurls a spray of splinters at you.
The spray of wooden splinters hits you!!
Casting: Manifold Assault (safe; 1% risk of failure)
Confirm with . or Enter, or press ? or * to list all spells.
You blink.
A swamp dragon comes into view.
The swamp worm fires a harpoon shot at you.
The harpoon shot hits you.
You are yanked forward by the harpoon shot.
The alligator puts on a burst of speed!
The alligator bites you but does no damage.
The alligator tail-slaps you!
As you read the scroll of teleportation, it crumbles to dust.
You feel strangely unstable. The swamp worm bites you!
The swamp dragon breathes poison at you.
The alligator barely misses you. The alligator tail-slaps you!
The swamp worm fires a harpoon shot at you.
The harpoon shot misses you.
A spriggan rider comes into view. It is wielding a +0 spear.
The spriggan rider hits you from afar with a +0 spear!
* * * LOW HITPOINT WARNING * * *
The eleionoma hurls a spray of splinters at you.
The spray of wooden splinters hits you!!
* * * LOW HITPOINT WARNING * * *
The swamp worm fires a harpoon shot at you.
The harpoon shot misses you.
You fade into invisibility!
Your surroundings suddenly seem different.
A bog body, a bloated husk and a swamp worm come into view.
Found 17 gold pieces and Great Wizards, Vol.
II.
Found an escape hatch in the ceiling.
Found a stone staircase leading down.
Found a fizzy black potion.
A goliath frog comes into view.
There is an escape hatch in the ceiling here.
Press: ? - help, v - describe, . - travel, g - get item Item here: Great Wizards, Vol.
II.
The floor.
The bloated husk explodes!
The blast of putrescent gases engulfs you!!!
You die...

~..♣♣♣♣
...~.....!..♣~..~♣♣♣
~.~~~~~~~w~~~♣~~..<.♣♣♣♣♣
~.§~~~~~~~~...~~.~~.♣♣...
.~~~~~~~~....F....~~....♣
..~~~~~~~.:.♣♣~..~~~.♣♣♣♣
~....~~~..~~ ♣♣♣♣...♣♣
$....~~~.~♣♣ ♣♣w♣♣
..~n~...@..♣ ♣.♣
>.~~~~~...♣♣ ..♣
..~~§~~♣♣♣♣ .~~ ~~..~.~
..~~ ♣♣~...♣ ♣♣.~♣ ♣♣♣


You could see a goliath frog (wandering, unable to see you), a bog body (unable
to see you) and a swamp worm (wandering, unable to see you).

Vanquished Creatures
  Jorgrun (Swamp:1)
  Gastronok (Lair:2)
  2 eleionomae (Swamp:1)
  2 bunyips
  A fire dragon (D:15)
  4 hydras
  A shambling mangrove (Swamp:1)
  A catoblepas (D:13)
  A ghost crab (Swamp:1)
  5 centaur warriors
  A tengu warrior (D:15)
  4 alligators (Swamp:1)
  2 two-headed ogres
  3 boulder beetles
  6 death yaks
  Urug (Lair:5)
  2 orc high priests (Orc:2)
  A vampire mage (D:15)
  A deep elf knight (D:14)
  3 thrashing horrors (Lair:5)
  A fire crab (shapeshifter) (Lair:5)
  2 skeletal warriors (D:15)
  A titan skeleton (D:15)
  4 goliath frogs (Swamp:1)
  A large abomination (Lair:5)
  2 spriggan druids
  2 swamp dragons (Swamp:1)
  3 bog bodies
  2 deep elf zephyrmancers
  A steelbarb worm (Lair:3)
  Pikel (D:4)
  A necromancer (D:15)
  3 orc knights (Orc:2)
  A deep elf pyromancer (D:14)
  6 orc sorcerers
  A wolf spider (Spider:1)
  A fire giant zombie (D:15)
  19 ugly things
  3 cyclopes
  2 manticores
  A will-o-the-wisp (Swamp:1)
  19 elephants
  A stone giant skeleton (D:15)
  A smoke demon (Lair:5)
  A demonic crawler (Lair:3)
  3 unseen horrors
  3 yaktaurs (D:14)
  A freezing wraith (IceCv)
  9 cane toads
  3 efreet
  5 rime drakes
  2 kobold demonologists
  A rime drake (shapeshifter) (D:15)
  A komodo dragon (shapeshifter) (Lair:5)
  4 komodo dragons
  5 tengu conjurers
  4 ancient zymes (Lair:5)
  A bloated husk (Swamp:1)
  2 polar bears
  8 trolls
  2 tyrant leeches (Swamp:1)
  18 blink frogs
  A blink frog (shapeshifter) (D:13)
  A jumping spider (Lair:3)
  5 spriggans
  A dire elephant simulacrum (IceCv)
  4 shadows
  41 yaks
  A water elemental (D:13)
  3 wraiths
  7 wyverns
  Grum (D:9)
  A redback (Spider:1)
  3 vampire mosquitoes (Swamp:1)
  4 basilisks (Lair:5)
  3 steam dragons
  2 chaos spawn (Lair:5)
  A warg (Orc:1)
  2 acid dragons
  3 swamp worms (Swamp:1)
  A hydra simulacrum (IceCv)
  14 water moccasins
  22 orc warriors
  A sky beast (D:8)
  A swamp drake (Swamp:1)
  3 black bears
  7 ice beasts
  6 ogres
  14 centaurs
  5 wolves (D:9)
  A phantom (D:4)
  10 small abominations (Lair:5)
  8 kobold brigands
  3 bullfrogs
  A gnoll sergeant (D:8)
  A cane toad simulacrum (IceCv)
  4 scorpions
  2 elephant simulacra (IceCv)
  11 killer bees
  4 howler monkeys
  2 electric eels (D:13)
  A vampire bat (Lair:3)
  13 orc priests
  Crazy Yiuf (D:2)
  5 hounds
  3 iguanas
  Terence (D:2)
  16 orc wizards
  13 hell rats
  A wolf simulacrum (IceCv)
  8 gnolls
  6 adders
  A white imp (D:6)
  49 orcs
  A ball python (D:2)
  An endoplasm (D:2)
  3 giant cockroaches
  3 goblins
  4 hobgoblins
  3 jackals (D:5)
  3 quokkas
  5 bats
  A frilled lizard (D:1)
  17 kobolds
  7 rats
566 creatures vanquished.

Vanquished Creatures (collateral kills)
  An orc high priest (Orc:2)
  An orc knight (Orc:2)
  An orc sorcerer (Orc:2)
  An orc warrior (Orc:2)
4 creatures vanquished.

Vanquished Creatures (others)
  A hydra (Swamp:1)
  2 two-headed ogres (D:13)
  A deep elf pyromancer (D:13)
  A stone giant skeleton (D:15)
  An eye of devastation (Lair:4)
  5 slime creatures
  A bloated husk (Swamp:2)
  A queen bee (shapeshifter) (D:15)
  A water elemental (D:13)
  2 yaks (D:10)
  A golden eye (shapeshifter) (Lair:5)
  A floating eye (Lair:4)
  An ice beast (D:10)
  A black bear (D:7)
  An ogre (D:5)
  A centaur (D:15)
  61 jellies
  An electric eel (D:13)
  A vampire bat (Lair:3)
  A hound (D:6)
  An orc priest (Orc:1)
  2 orc wizards (Orc:1)
  An adder (D:4)
  A shadow imp (D:8)
  A white imp (D:7)
  4 orcs
  A bat (Lair:3)
  2 kobolds
  A ball python (D:4)
  A butterfly (Lair:2)
  2 foxfires (Swamp:1)
  69 fungi
  117 plants
  6 withered plants (D:15)
295 creatures vanquished.

Grand Total: 865 creatures vanquished

Notes
Turn   | Place    | Note
-------+----------+-------------------------------------------
     0 | D:1      | KennySheep the Ogre Warper began the quest for the Orb.
     0 | D:1      | Reached XP level 1. HP: 22/22 MP: 3/3
   324 | D:1      | Reached skill level 2 in Maces & Flails
   595 | D:1      | Reached XP level 2. HP: 10/29 MP: 5/5
   598 | D:1      | Learned a level 2 spell: Blink
   601 | D:1      | Learned a level 2 spell: Lesser Beckoning
  1052 | D:2      | Found a runed translucent door.
  1053 | D:2      | Noticed Crazy Yiuf
  1405 | D:2      | Identified the +7 hammer "Kalu" {freeze, rN+ Will+}
  1495 | D:2      | Identified the +2 robe of Impermeability {Fly}
  1551 | D:2      | Reached XP level 3. HP: 37/37 MP: 7/7
  1570 | D:2      | Found a faded altar of an unknown god.
  1599 | D:2      | Killed Crazy Yiuf
  1600 | D:2      | Reached XP level 4. HP: 10/45 MP: 8/8
  1628 | D:2      | Prayed at the altar of an unknown god.
  1628 | D:2      | Became a worshipper of Jiyva Jenkusch the Shapeless
  1628 | D:2      | Reached * piety under Jiyva
  1702 | D:2      | Noticed Terence
  1713 | D:2      | Killed Terence
  2072 | D:3      | Reached ** piety under Jiyva
  2185 | D:3      | Noticed a scorpion
  2199 | D:3      | Killed a scorpion
  2777 | D:4      | Reached *** piety under Jiyva
  2792 | D:4      | Reached skill level 3 in Maces & Flails
  2796 | D:4      | Noticed an ogre
  2798 | D:4      | Noticed a phantom
  2810 | D:4      | Noticed an ogre
  2844 | D:4      | Reached XP level 5. HP: 52/53 MP: 9/9
  2851 | D:4      | Killed a phantom
  2868 | D:4      | Killed an ogre
  2869 | D:4      | Reached XP level 6. HP: 27/62 MP: 11/11
  2905 | D:4      | Learned a level 4 spell: Manifold Assault
  2961 | D:4      | Gained mutation: You have a small jelly attached to you
                  | that senses nearby items. [Jiyva's grace]
  2961 | D:4      | Gained mutation: Armour fits poorly on your pseudopods.
                  | [Jiyva's grace]
  2961 | D:4      | Gained mutation: Armour fits poorly on your large
                  | pseudopods. [Jiyva's grace]
  2961 | D:4      | Gained mutation: Armour fits poorly on your massive
                  | pseudopods. [Jiyva's grace]
  3075 | D:4      | Reached skill level 4 in Maces & Flails
  3126 | D:4      | Noticed Pikel
  3158 | D:4      | Killed Pikel
  3159 | D:4      | Reached XP level 7. HP: 37/70 MP: 9/12
  3159 | D:4      | Reached XP level 8. HP: 41/78 MP: 9/13
  3232 | D:4      | Reached skill level 5 in Maces & Flails
  3409 | D:5      | Entered Level 5 of the Dungeon
  3515 | D:5      | Identified a scroll of acquirement
  3515 | D:5      | Acquired the +3 robe "Usofouxtau" {rElec rF+}
  3609 | D:5      | Reached **** piety under Jiyva
  4449 | D:6      | Reached skill level 6 in Maces & Flails
  4466 | D:6      | Found Ralyfab's Antique Weapon Boutique.
  4792 | D:6      | Gained mutation: You are agile. (Dex +4, Str/Int -1)
                  | [Jiyva's grace]
  4792 | D:6      | Gained mutation: You are very agile. (Dex +8, Str/Int -2)
                  | [Jiyva's grace]
  4792 | D:6      | Gained mutation: A frigid envelope surrounds you and
                  | freezes all who hurt you. [Jiyva's grace]
  4792 | D:6      | Gained mutation: You have a small jelly attached to you
                  | that may absorb projectiles. [Jiyva's grace]
  4952 | D:7      | Found a staircase to the Ecumenical Temple.
  4952 | D:7      | Reached ***** piety under Jiyva
  5224 | D:7      | Reached XP level 9. HP: 84/84 MP: 9/14
  5408 | D:7      | Noticed an unseen horror
  5415 | D:7      | Killed an unseen horror
  5416 | D:7      | Reached skill level 7 in Maces & Flails
  5946 | D:8      | Reached skill level 10 in Translocations
  6044 | D:8      | Reached XP level 10. HP: 69/92 MP: 15/15
  6309 | D:9      | Found a staircase to the Orcish Mines.
  6448 | D:9      | Reached skill level 8 in Maces & Flails
  6456 | D:9      | Reached skill level 5 in Fighting
  6483 | D:9      | Noticed a two-headed ogre
  6492 | D:9      | Killed a two-headed ogre
  6522 | D:9      | Noticed a manticore
  6529 | D:9      | Killed a manticore
  6530 | D:9      | Reached skill level 5 in Spellcasting
  6627 | D:9      | Noticed Grum
  6634 | D:9      | Killed Grum
  6962 | D:9      | Noticed a deep elf zephyrmancer
  6966 | D:9      | Killed a deep elf zephyrmancer
  6967 | D:9      | Reached skill level 9 in Maces & Flails
  6993 | D:10     | Entered Level 10 of the Dungeon
  6993 | D:10     | Lost mutation: You are very agile. (Dex +8, Str/Int -2)
                  | [Jiyva's grace]
  6993 | D:10     | Lost mutation: A frigid envelope surrounds you and freezes
                  | all who hurt you. [Jiyva's grace]
  6993 | D:10     | Lost mutation: You have a small jelly attached to you that
                  | may absorb projectiles. [Jiyva's grace]
  6993 | D:10     | Gained mutation: You have a somewhat thin skeletal
                  | structure. (Dex +2, Stealth+) [Jiyva's grace]
  6993 | D:10     | Gained mutation: You have a moderately thin skeletal
                  | structure. (Dex +4, Stealth++) [Jiyva's grace]
  6993 | D:10     | Gained mutation: You have an unnaturally thin skeletal
                  | structure. (Dex +6, Stealth+++) [Jiyva's grace]
  6993 | D:10     | Gained mutation: You expend magic power (3 MP) to
                  | strengthen your wands. [Jiyva's grace]
  7008 | D:9      | Reached XP level 11. HP: 79/106 MP: 10/19
  7318 | D:10     | Found a staircase to the Lair.
  7356 | D:10     | Noticed a centaur warrior
  7371 | D:10     | Killed a centaur warrior
  7400 | D:10     | Reached ****** piety under Jiyva
  7553 | D:10     | Found a glowing golden altar of the Shining One.
  7847 | Orc:1    | Entered Level 1 of the Orcish Mines
  7934 | Orc:1    | Reached skill level 10 in Maces & Flails
  7945 | Orc:1    | Noticed an orc sorcerer
  8040 | Orc:1    | Killed an orc sorcerer
  8223 | Orc:1    | Noticed an orc sorcerer
  8233 | Orc:1    | Killed an orc sorcerer
  8438 | Orc:2    | Entered Level 2 of the Orcish Mines
  8438 | Orc:2    | Found a staircase to the Elven Halls.
  8451 | Orc:2    | Lost mutation: You have an unnaturally thin skeletal
                  | structure. (Dex +6, Stealth+++) [Jiyva's grace]
  8451 | Orc:2    | Lost mutation: You are agile. (Dex +4, Str/Int -1) [Jiyva's
                  | grace]
  8451 | Orc:2    | Lost mutation: Armour fits poorly on your massive
                  | pseudopods. [Jiyva's grace]
  8451 | Orc:2    | Gained mutation: You possess an exceptional clarity of
                  | mind. [Jiyva's grace]
  8451 | Orc:2    | Gained mutation: You are partially covered in iridescent
                  | scales. (AC +2) [Jiyva's grace]
  8451 | Orc:2    | Gained mutation: You are mostly covered in iridescent
                  | scales. (AC +4) [Jiyva's grace]
  8451 | Orc:2    | Gained mutation: You are completely covered in iridescent
                  | scales. (AC +6) [Jiyva's grace]
  8472 | Orc:2    | Noticed an orc sorcerer
  8517 | Orc:2    | Killed an orc sorcerer
  8836 | Orc:2    | Found Hor Goor's Distillery.
  8838 | Orc:2    | Noticed an orc sorcerer
  8839 | Orc:2    | Noticed an orc sorcerer
  8841 | Orc:2    | Noticed an orc high priest
  8845 | Orc:2    | Killed an orc sorcerer
  8846 | Orc:2    | Reached XP level 12. HP: 93/122 MP: 22/22
  8846 | Orc:2    | Noticed an orc high priest
  8849 | Orc:2    | Reached skill level 5 in Dodging
  8862 | Orc:2    | Killed an orc high priest
  8863 | Orc:2    | Reached skill level 11 in Maces & Flails
  8872 | Orc:2    | Killed an orc high priest
  8929 | Orc:2    | Found Nawan's Antique Armour Shop.
  8934 | Orc:2    | Found Simisat's Magic Scroll Shop.
  8942 | Orc:2    | Found Repetodgh's Weapon Emporium.
  8942 | Orc:2    | Noticed an orc high priest
  8947 | Orc:2    | Killed an orc high priest
  9095 | Orc:2    | Bought a potion of degeneration for 12 gold pieces
  9109 | Orc:2    | Bought a scroll of blinking for 127 gold pieces
  9109 | Orc:2    | Bought a scroll of enchant weapon for 127 gold pieces
  9109 | Orc:2    | Bought a scroll of blinking for 127 gold pieces
  9109 | Orc:2    | Bought a scroll of teleportation for 51 gold pieces
  9571 | Lair:1   | Entered Level 1 of the Lair of Beasts
  9744 | Lair:1   | You fall into a shaft and drop 1 floor!
  9951 | Lair:2   | Learned a level 3 spell: Vhi's Electric Charge
 10063 | Lair:2   | Reached skill level 10 in Fighting
 10067 | Lair:2   | Noticed Gastronok
 10094 | Lair:2   | Killed Gastronok
 10095 | Lair:2   | Reached skill level 12 in Maces & Flails
 10132 | Lair:2   | Lost mutation: You are completely covered in iridescent
                  | scales. (AC +6) [Jiyva's grace]
 10132 | Lair:2   | Gained mutation: You have acidic saliva. [Jiyva's grace]
 10132 | Lair:2   | Gained mutation: You are completely covered in iridescent
                  | scales. (AC +6) [Jiyva's grace]
 10132 | Lair:2   | Gained mutation: You are covered in fur. (AC +1) [Jiyva's
                  | grace]
 10132 | Lair:2   | Gained mutation: You are covered in thick fur. (AC +2)
                  | [Jiyva's grace]
 10694 | Lair:3   | Reached XP level 13. HP: 107/135 MP: 25/25
 10938 | Lair:3   | Found a staircase to the Swamp.
 11053 | Lair:3   | Lost mutation: You have a moderately thin skeletal
                  | structure. (Dex +4, Stealth++) [Jiyva's grace]
 11053 | Lair:3   | Lost mutation: You are covered in thick fur. (AC +2)
                  | [Jiyva's grace]
 11053 | Lair:3   | Lost mutation: You have acidic saliva. [Jiyva's grace]
 11053 | Lair:3   | Lost mutation: You have a small jelly attached to you that
                  | senses nearby items. [Jiyva's grace]
 11053 | Lair:3   | Lost mutation: You expend magic power (3 MP) to strengthen
                  | your wands. [Jiyva's grace]
 11053 | Lair:3   | Gained mutation: You are resistant to electric shocks.
                  | (rElec) [Jiyva's grace]
 11053 | Lair:3   | Gained mutation: You are robust. (+10% HP) [Jiyva's grace]
 11053 | Lair:3   | Gained mutation: You are very robust. (+20% HP) [Jiyva's
                  | grace]
 11053 | Lair:3   | Gained mutation: You are extremely robust. (+30% HP)
                  | [Jiyva's grace]
 11079 | Lair:3   | Found a hole to the Spider Nest.
 11508 | Lair:4   | Found a viscous altar of Jiyva.
 11508 | Lair:4   | Found a staircase to the Slime Pits.
 11568 | Slime:1  | Entered Level 1 of the Pits of Slime
 11569 | Slime:1  | Noticed an acid blob
 11617 | Slime:1  | Noticed an acid blob
 11628 | Slime:1  | Noticed an acid blob
 11637 | Slime:1  | Noticed a great orb of eyes
 11650 | Slime:1  | Noticed a great orb of eyes
 11676 | Slime:2  | Noticed an azure jelly
 11677 | Slime:2  | Noticed an acid blob
 11689 | Slime:4  | Noticed an acid blob
 11692 | Slime:5  | Entered Level 5 of the Pits of Slime
 11698 | Slime:5  | Noticed a great orb of eyes
 11701 | Slime:5  | Noticed an acid blob
 11701 | Slime:5  | Noticed an acid blob
 11715 | Slime:5  | Noticed a great orb of eyes
 11725 | Slime:5  | Noticed a great orb of eyes
 11726 | Slime:5  | Noticed an acid blob
 11737 | Slime:5  | Noticed an acid blob
 11751 | Slime:5  | Noticed a quicksilver ooze
 11758 | Slime:5  | Noticed an acid blob
 11764 | Slime:5  | Found a viscous altar of Jiyva.
 11764 | Slime:5  | Noticed the Royal Jelly
 11765 | Slime:5  | Noticed a quicksilver ooze
 11766 | Slime:5  | Noticed a rockslime
 11766 | Slime:5  | Noticed a great orb of eyes
 11767 | Slime:5  | Noticed an acid blob
 11769 | Slime:5  | Noticed a great orb of eyes
 11770 | Slime:5  | Identified the +1 leather armour "Upak" {+Inv Str-4 SInv}
 11771 | Slime:5  | Identified the +0 robe "Nipeum" {Dex+2 SInv}
 11772 | Slime:5  | Identified the amulet "Ahuen" {rC+ Will+ Regen+ Int+4}
 11774 | Slime:5  | Noticed a quicksilver ooze
 11777 | Slime:5  | Noticed a rockslime
 11782 | Slime:5  | Noticed an acid blob
 11782 | Slime:5  | Noticed a great orb of eyes
 11785 | Slime:5  | Identified the +6 arbalest of Poomm {antimagic, Dex+3}
 11785 | Slime:5  | Noticed an acid blob
 11792 | Slime:5  | Identified the +0 arbalest "Osiur" {penet, rF++ Int+4}
 11794 | Slime:5  | Got a slimy rune of Zot
 11808 | Slime:5  | Identified the +6 dagger "Zeestat" {freeze, Dex+2}
 11853 | Slime:4  | Noticed a quicksilver ooze
 12548 | Lair:5   | Entered Level 5 of the Lair of Beasts
 12656 | Lair:5   | Noticed Urug
 12730 | Lair:5   | Killed Urug
 12888 | Lair:5   | Reached skill level 13 in Maces & Flails
 13185 | Lair:4   | Reached skill level 10 in Spellcasting
 13199 | Lair:5   | Reached XP level 14. HP: 190/192 MP: 13/28
 13695 | Lair:5   | Learned a level 2 spell: Lesser Beckoning
 13755 | Lair:5   | Lost mutation: You are extremely robust. (+30% HP) [Jiyva's
                  | grace]
 13755 | Lair:5   | Lost mutation: Armour fits poorly on your large pseudopods.
                  | [Jiyva's grace]
 13755 | Lair:5   | Gained mutation: You have acidic saliva. [Jiyva's grace]
 13755 | Lair:5   | Gained mutation: Your flesh is heat resistant. (rF+)
                  | [Jiyva's grace]
 13755 | Lair:5   | Gained mutation: Your flesh is very heat resistant. (rF++)
                  | [Jiyva's grace]
 13755 | Lair:5   | Gained mutation: Your flesh is almost immune to the effects
                  | of heat. (rF+++) [Jiyva's grace]
 14166 | Lair:5   | Found a corrupted altar of Lugonu.
 14299 | Lair:5   | Reached skill level 14 in Maces & Flails
 14606 | Lair:5   | Found a one-way gate to the infinite horrors of the Abyss.
 14703 | Lair:5   | Identified the +7 trident "Uresos" {pain, Dex+5}
 14914 | D:11     | Found a frozen archway.
 14943 | IceCv    | Entered an ice cave
 14988 | IceCv    | Found a transporter.
 14998 | IceCv    | Found a transporter.
 15483 | D:11     | You fall into a shaft and drop 2 floors!
 15797 | D:12     | Lost mutation: You are completely covered in iridescent
                  | scales. (AC +6) [Jiyva's grace]
 15797 | D:12     | Lost mutation: You have a somewhat thin skeletal structure.
                  | (Dex +2, Stealth+) [Jiyva's grace]
 15797 | D:12     | Lost mutation: You are very robust. (+20% HP) [Jiyva's
                  | grace]
 15797 | D:12     | Gained mutation: Your rubbery body absorbs attacks. (AC +1,
                  | EV +1) [Jiyva's grace]
 15797 | D:12     | Gained mutation: Your pliable body absorbs attacks. (AC +2,
                  | EV +2) [Jiyva's grace]
 15797 | D:12     | Gained mutation: Your gelatinous body deflects attacks. (AC
                  | +3, EV +3) [Jiyva's grace]
 15797 | D:12     | Gained mutation: Your mind is acute. (Int +4, Str/Dex -1)
                  | [Jiyva's grace]
 16498 | D:13     | Reached XP level 15. HP: 174/174 MP: 6/30
 16661 | D:13     | Noticed Rupert
 16674 | D:13     | Found a glowing silver altar of Zin.
 16676 | D:13     | Slimified Rupert
 16676 | D:13     | Rupert changed into Rupert the azure jelly
 16676 | D:13     | Noticed Rupert
 17545 | D:14     | Found Hyahapp's Self-Improvement Boutique.
 17553 | D:14     | Bought a manual of Translocations for 960 gold pieces
 17907 | D:14     | Lost mutation: You are mostly covered in iridescent scales.
                  | (AC +4) [Jiyva's grace]
 17907 | D:14     | Lost mutation: Your flesh is almost immune to the effects
                  | of heat. (rF+++) [Jiyva's grace]
 17907 | D:14     | Lost mutation: You are robust. (+10% HP) [Jiyva's grace]
 17907 | D:14     | Lost mutation: You are resistant to electric shocks.
                  | (rElec) [Jiyva's grace]
 17907 | D:14     | Gained mutation: You have an increased reservoir of magic.
                  | (+10% MP) [Jiyva's grace]
 17907 | D:14     | Gained mutation: You have a considerably increased
                  | reservoir of magic. (+20% MP) [Jiyva's grace]
 17907 | D:14     | Gained mutation: You have a greatly increased reservoir of
                  | magic. (+30% MP) [Jiyva's grace]
 17907 | D:14     | Gained mutation: You are partially covered in large bone
                  | plates. (SH +4) [Jiyva's grace]
 17982 | D:14     | Found a gate to the Vaults.
 18251 | D:15     | Entered Level 15 of the Dungeon
 18417 | D:15     | Found Ixaurpho's Mass Market.
 18468 | D:15     | Found a staircase to the Depths.
 18481 | D:15     | Reached skill level 15 in Maces & Flails
 18837 | D:15     | Found Qytih's Neck Hole.
 18994 | Swamp:1  | Entered Level 1 of the Swamp
 19233 | Swamp:1  | HP: 2/163 [bunyip (21)]
 19265 | Swamp:1  | HP: 3/163 [eleionoma/spray of wooden splinters (30)]
 19372 | Spider:1 | Entered Level 1 of the Spider Nest
 19502 | Lair:3   | Upgraded the game from 0.30-a0-737-gf23d94013f to
                  | 0.30-a0-738-g116ff8c4af
 19788 | Swamp:1  | Reached XP level 16. HP: 114/174 MP: 23/41
 20138 | Swamp:1  | Noticed Jorgrun
 20142 | Swamp:1  | Reached skill level 16 in Maces & Flails
 20144 | Swamp:1  | Killed Jorgrun
 20476 | Swamp:2  | Reached skill level 15 in Fighting
 20485 | Swamp:2  | Killed by an exploding bloated husk

Illustrated notes

Levels and vault maps discovered:
D:1:      minmay_arrival_arboretum_small, layout_basic, interstate_on_off
D:2:      layout_basic, serial_glass, glass_columns_a, glass_columns_a,
          glass_columns_c, glass_columns_a, basic_ecumenical_altar,
          uniq_crazy_yiuf_cottage, uniq_terence
D:3:      layout_basic, chequers_serial_rivers_micro_b, fountainhead
D:4:      layout_basic, minmay_crystal_water, uniq_pikel
D:5:      layout_basic, lemuel_flame_loot_1
D:6:      layout_basic, serial_shops, kennysheep_mini_moat,
          chequers_serial_rivers_large_b
D:7:      layout_loops_ring, minmay_temple_entry_overgrown, grunt_potential
D:8:      layout_basic, serial_bayou_crossing
D:9:      minmay_angry_zag, layout_basic, guppyfry_early_elven_hall, uniq_grum
D:10:     layout_gridville, nicolae_tso_carved_into_rock,
          hellmonk_lair_entry_icy, wad_floor_pattern_untrapped,
          minmay_misc_feat_enclosed
D:11:     layout_basic, portal_ice_cave_entry_pillars_1
D:12:     layout_rooms, serial_glass, glass_columns_a, glass_columns_b,
          minmay_strange_pillars, item_on_display_a, due_unseen_surprise,
          item_on_display_a
D:13:     layout_basic, zin_statuary, uniq_rupert
D:14:     layout_gridville, hangedman_vaults_entry_quadrant_bands,
          nicolae_shop_self_help
D:15:     gammafunk_depths_entry_grave, layout_rooms, minivault_25,
          minmay_shop_mass, nicolae_shop_sticking_my_neck_out
Lair:1:   beast_lair_carwin_large_1, layout_regular_city
Lair:2:   layout_gridlike, grunt_megastairs_2, lemuel_fruit_fields,
          uniq_gastronok
Lair:3:   layout_regular_city, skrybe_swamp_entry_bodies, dummy_spider_entry,
          serial_bayou_lagoon_a, roderic_batcave
Lair:4:   layout_roguey, minmay_slime_entry_eyes
Lair:5:   hellmonk_lair_end_abyssal_woods, layout_layer_cave, uniq_urug
Swamp:1:  nicolae_swamp_wrong_neighborhood, layout_falls_marsh,
          hangedman_swamp_cone, infiniplex_staircase_pool, uniq_jorgrun
Swamp:2:  layout_basic_swamp, nicolae_swamp_oxbows
Spider:1: layout_spider_delve
Slime:1:  layout_caves
Slime:2:  layout_caves
Slime:3:  layout_caves
Slime:4:  layout_caves
Slime:5
Orc:1:    layout_caves
Orc:2:    st_orc_elflike, layout_caves, basic_altar

Skill      XL: |  1  2  3  4  5  6  7  8  9 10 11 12 13 14 15 16 |
---------------+-------------------------------------------------+-----
Maces & Flails | 2 3 4 6 7 9 10 12 13 14 15 16 | 16.1
Fighting       | 3 4 6 8 10 11 13 14 15 | 15.0
Translocations | 3 4 6 8 10 11 12 13 | 13.5
Spellcasting   | 3 5 7 8 10 11 12 | 12.0
Dodging        | 4 6 7 8 9 |  9.5
Throwing       | |  1.0

Action                     |  1- 3 |  4- 6 |  7- 9 | 10-12 | 13-15 | 16-18 || total
---------------------------+-------+-------+-------+-------+-------+-------++-------
  Melee: Whip              |    55 |       |       |       |       |       ||    55
         Mace              |    40 |    56 |   163 |   567 |  1738 |       ||  2564
         Punch             |     3 |       |     3 |    14 |    24 |       ||    44
         Pseudopods        |       |       |    21 |    93 |   340 |     8 ||   462
         Bite              |       |       |       |     1 |   125 |     5 ||   131
         Giant spiked club |       |       |       |       |    53 |   131 ||   184
  Throw: Dart              |       |    10 |       |     3 |       |       ||    13
         Boomerang         |       |     1 |       |       |       |       ||     1
   Cast: Blink             |     1 |     2 |       |     1 |     7 |     1 ||    12
         Manifold Assault  |       |       |    17 |    60 |   288 |    39 ||   404
         Lesser Beckoning  |       |       |       |       |     4 |       ||     4
         Vhi's Electric Ch |       |       |       |       |       |     4 ||     4
 Invoke: Oozemancy         |       |     1 |       |     5 |     5 |       ||    11
         Slimify           |       |       |       |       |     1 |       ||     1
  Evoke: Condenser vane    |       |       |       |       |     2 |       ||     2
    Use: Scroll            |     4 |     1 |     7 |     3 |    11 |     2 ||    28
         Potion            |     2 |       |     2 |       |     9 |     1 ||    14
   Stab: Distracted        |       |       |     1 |     4 |     1 |       ||     6
         Sleeping          |       |       |       |     7 |     5 |       ||    12
 Armour: Robe              |    29 |    38 |    65 |   173 |   539 |    39 ||   883
  Dodge: Dodged            |    45 |    36 |    66 |   241 |   705 |    47 ||  1140
  Block: Other             |       |       |       |       |    40 |     9 ||    49

Table legend: (Time is in decaauts)
 A = Elapsed time spent in this place.
 B = Non-inter-level travel time spent in this place.
 C = Inter-level travel time spent in this place.
 D = Time resting spent in this place.
 E = Time spent auto-exploring this place.
 F = Levels seen in this place.
 G = Mean time per level.
                   A        B        C        D        E       F      G
               +--------+--------+--------+--------+--------+-----+--------+
         Total |  20095 |  18665 |   1430 |   1465 |  12255 |  31 |  648.2 |
       Dungeon |  11858 |  11023 |    835 |    546 |   8049 |  15 |  790.5 |
          Lair |   5058 |   4629 |    429 |    413 |   2860 |   5 | 1011.6 |
         Swamp |   1129 |   1107 |     22 |    236 |    467 |   2 |  564.5 |
   Spider Nest |     41 |     41 |      0 |      0 |     11 |   1 |   41.0 |
    Slime Pits |    316 |    225 |     91 |      0 |    152 |   5 |   63.2 |
  Orcish Mines |   1605 |   1555 |     50 |    253 |    716 |   2 |  802.5 |
      Ice Cave |     86 |     86 |      0 |     15 |      0 |   1 |   86.0 |
               +--------+--------+--------+--------+--------+-----+--------+

Top non-repeatable levels by time:
  Lair:5: 1801 daAuts
  Lair:3: 1182 daAuts
     D:1: 1160 daAuts
    D:14: 1106 daAuts
 Swamp:1: 1095 daAuts
  Lair:4: 1036 daAuts
   Orc:2: 1016 daAuts
    D:13: 892 daAuts
     D:7: 872 daAuts
     D:9: 857 daAuts
  Lair:2: 843 daAuts
    D:10: 843 daAuts
     D:6: 797 daAuts
     D:2: 793 daAuts
    D:11: 784 daAuts
